 Dungeon Crawl Stone Soup version 0.19-a0-944-gb338e1e (webtiles) character file.

51 mistymad the Shooter (level 3, 17/30 HPs)
             Began as a Centaur Hunter on July 9, 2016.
             Quit the game on level 3 of the Dungeon.
             The game lasted 00:02:56 (1738 turns).

mistymad the Shooter (Centaur Hunter)               Turns: 1738, Time: 00:02:57

Health: 17/30      AC:  4    Str: 14    XL:     3   Next: 57%
Magic:  3/3        EV:  9    Int: 10    God:
Gold:   82         SH:  0    Dex: 10    Spells: 0 memorised, 2 levels left

rFire  . . .     SeeInvis .     e - +0 short sword
rCold  . . .     Gourm    .     c - +0 leather armour
rNeg   . . .     Faith    .     (no shield)
rPois  .         Spirit   .     (no helmet)
rElec  .         Dismiss  .     (no cloak)
rCorr  .         Reflect  .     (no gloves)
SustAt .         Harm     .     (no barding)
MR     .....                    (no amulet)
Stlth  +.........               (no ring)
                                (no ring)

@: very quick, not resistant to hostile enchantments, very unstealthy
A: hooves 3, deformed body, speed 2, tough skin 3
a: no special abilities


You were on level 3 of the Dungeon.
You were not hungry.

You visited 1 branch of the dungeon, and saw 3 of its levels.

You collected 82 gold pieces.

Inventory:

Hand Weapons
 e - a +0 short sword (weapon)
 q - a +1 shortbow
Missiles
 d - 51 arrows
Armour
 c - a +0 leather armour (worn)
Scrolls
 b - a scroll of magic mapping {unknown}
 h - a scroll of fear {unknown}
 i - a scroll of recharging {unknown}
 n - a scroll of enchant weapon {unknown}
 o - 2 scrolls of identify {unknown}
 r - a scroll of remove curse {unknown}
 s - a scroll of blinking {unknown}
Potions
 a - a potion of resistance {unknown}
 g - a potion of might {unknown}
 j - a potion of agility {unknown}
 l - a potion of lignification {unknown}
 m - a potion of berserk rage {unknown}
 p - a potion of curing {unknown}
 t - a potion of haste {unknown}
 u - a potion of invisibility {unknown}
Comestibles
 f - 3 bread rations
 k - a beef jerky


   Skills:
 + Level 2.5 Fighting
 - Level 0.3 Short Blades
 + Level 6.4 Bows
 - Level 0.2 Armour
 + Level 1.3 Dodging
 + Level 0.7 Stealth


You had 2 spell levels left.
You didn't know any spells.

Dungeon Overview and Level Annotations

Branches:
Dungeon (3/15)

Altars:
Trog


Innate Abilities, Weirdness & Mutations

You have hooves in place of feet.
Armour fits poorly on your strangely shaped body.
You cover ground very quickly.
You have extremely tough skin. (AC +3)


Message History

The giant gecko is moderately wounded.
The giant gecko bites you. The giant gecko closely misses you.
You take 1 damage, and have 17/30 hp.
You barely miss the giant gecko. You kick the giant gecko.
The giant gecko is almost dead.
The giant gecko barely misses you.
You closely miss the giant gecko.
The giant gecko is almost dead.
The giant gecko bites you.
You take 1 damage, and have 16/30 hp.
You closely miss the giant gecko. Your kick misses the giant gecko.
The giant gecko is almost dead.
The giant gecko closely misses you.
You barely miss the giant gecko. Your kick misses the giant gecko.
The giant gecko is almost dead.
The giant gecko barely misses you. The giant gecko misses you.
You hit the giant gecko.
You kill the giant gecko!
No target in view!
Are you sure you want to abandon this character and quit the game? (Confirm with "yes".)

...........
#.#........
######.#........
..............(.
#............
######.%..######
..........# #
.######..###8...
#@<.##....
#.#.#8....
#...##....
..####8... ##..
##_# #.. # #..
#...


There were no monsters in sight!

Vanquished Creatures
  2 adders (D:2)
  2 dart slugs
  3 giant geckos
  A giant cockroach (D:1)
  4 goblins
  2 hobgoblins
  A kobold (D:2)
  6 bats
  A giant newt (D:1)
  6 rats
28 creatures vanquished.

Notes
Turn   | Place    | Note
-------+----------+-------------------------------------------
     0 | D:1      | mistymad the Centaur Hunter began the quest for the Orb.
     0 | D:1      | Reached XP level 1. HP: 17/17 MP: 1/1
   276 | D:1      | Reached XP level 2. HP: 18/24 MP: 2/2
   980 | D:2      | Reached skill level 6 in Bows
  1185 | D:2      | Reached XP level 3. HP: 30/30 MP: 3/3
  1705 | D:3      | Found a bloodstained altar of Trog.
  1738 | D:3      | Quit the game

Vault maps used:
D:1:      dpeg_arrival_prison, minmay_cupped
D:2:      first_bread
D:3:      grunt_temple_overflow_growth_and_decay,
          nicolae_overflow_hidden_temple, lemuel_crystal_altar,
          dancing_weapons_uskayaw, uniq_sigmund, uniq_natasha, uniq_grinder

Skill      XL: |  1  2 |
---------------+-------+-----
Bows           | 6 |  6.4
Fighting       | |  2.5
Short Blades   | |  0.3
Armour         | |  0.2
Dodging        | |  1.3
Stealth        | |  0.7

Action                   || total
-------------------------++-------
Melee: Short sword       ||   110
       Kick              ||    16
  Eat: Chunk             ||     2
Armor: Leather armour    ||    50
Dodge: Dodged            ||    64
